Map: Blackburn LE

Players

MaNa

  • Race: Protoss Protoss

PtitDrogo - Winner!

  • Race: Protoss Protoss

Event: DreamHack SC2 Masters 2021 Fall

VOD

Have the link to the VOD?

Description

Time

  • Played on: Aug. 11, 2021, 12:01 p.m.
  • Length: 15:30

All games in this series

Show
View Real Time Build Order
Export as new Build Order

MaNa Protoss 

Build Orders: Blink Stalkers 

Get SALT Encoding   

  12  0:00  Probe  
  13  0:12  Probe  
  14  0:18  Pylon  
  14  0:24  Probe (Chrono Boost)  
  15  0:36  Probe (Chrono Boost)  
  15  0:38  Gateway  
  16  0:45  Probe (Chrono Boost)  
  16  0:47  Assimilator  
  17  0:51  Probe  
  18  1:03  Probe (Chrono Boost)  
  19  1:04  Assimilator  
  19  1:07  Pylon  
  19  1:12  Probe (Chrono Boost)  
  19  1:17  Probe (Chrono Boost)  
  21  1:26  Cybernetics Core  
  21  1:29  Probe  
  22  1:41  Probe  
  23  1:47  Gateway  
  23  1:53  Probe  
  24  2:02  Warp Gate (Chrono Boost)  
  24  2:04  Sentry  
  24  2:05  Probe  
  27  2:21  Nexus  
  27  2:25  Probe  
  28  2:34  Pylon  
  28  2:37  Probe  
  28  2:43  Stalker  
  31  2:52  Probe  
  31  2:53  Stalker  
  34  3:02  Shield Battery  
  34  3:04  Probe  
  35  3:11  Twilight Council  
  35  3:17  Probe  
  36  3:25  Shield Battery  
  36  3:29  Probe  
  37  3:38  Stalker x2  
  37  3:41  Pylon, Probe  
  42  3:44  Probe  
  43  3:52  Blink  
  43  3:54  Probe  
  44  3:56  Probe  
  45  4:08  Probe (Chrono Boost)  
  46  4:12  Phoenix  
  46  4:13  Probe (Chrono Boost)  
  46  4:15  Forge  
  46  4:16  Sentry  
  49  4:22  Probe (Chrono Boost)  
  49  4:23  Probe (Chrono Boost)  
  51  4:27  Pylon, Probe (Chrono Boost)  
  51  4:30  Probe  
  53  4:36  Pylon  
  53  4:39  Probe  
  53  4:42  Probe  
  53  4:44  Nexus  
  55  4:47  Protoss Ground Weapons Level 1 (Chrono Boost)  
  55  4:51  Probe  
  56  4:54  Probe  
  57  5:02  Gateway  
  57  5:03  Probe (Chrono Boost)  
  57  5:04  Gateway  
  57  5:06  Probe (Chrono Boost)  
  60  5:15  Probe (Chrono Boost)  
  60  5:16  Robotics Facility  
  60  5:17  Probe (Chrono Boost)  
  60  5:20  Probe (Chrono Boost)  
  61  5:21  Probe (Chrono Boost)  
  61  5:24  Assimilator  
  61  5:28  Stalker x2  
  67  5:30  Probe  
  67  5:31  Shield Battery  
  67  5:33  Probe  
  69  5:38  Pylon  
  69  5:40  Shield Battery  
  69  5:42  Probe  
  70  5:51  Stalker x2  
  70  5:53  Probe  
  70  5:54  Probe  
  76  5:58  Stalker  
  76  5:59  Pylon  
  78  6:04  Stalker  
  78  6:06  Observer  
  78  6:08  Probe x2  
  78  6:09  Charge (Chrono Boost)  
  78  6:10  Probe  
  84  6:19  Stalker x2  
  84  6:20  Probe  
  88  6:31  Stalker  
  88  6:32  Stalker  
  91  6:35  Warp Prism (Chrono Boost)  
  94  6:41  Gateway  
  94  6:43  Gateway  
  94  6:45  Probe, Gateway  
  92  6:53  Gateway  
  92  6:58  Templar Archives  
  92  6:59  Zealot x3  
  92  7:00  Zealot  
  100  7:10  Pylon  
  100  7:11  Pylon  
  100  7:19  Protoss Ground Weapons Level 2 (Chrono Boost)  
  100  7:21  Stalker x2, Observer  
  103  7:22  Probe  
  103  7:23  Probe x2  
  105  7:37  High Templar  
  107  7:40  Assimilator x2, High Templar  
  109  7:49  Zealot x3  
  109  7:50  Zealot x2  
  119  7:55  Nexus  
  119  8:05  Archon  
  119  8:06  Gateway  
  119  8:08  Gateway  
  119  8:09  Probe x2  
  119  8:10  Probe, Pylon  
  119  8:12  Pylon  
  122  8:15  Pylon  
  122  8:16  Pylon  
  122  8:28  Immortal  
  122  8:30  High Templar x2, Zealot x2  
  134  8:44  Observer  
  134  8:53  High Templar x2  
  134  8:55  Archon, Zealot x4  
  144  8:57  Archon  
  144  8:59  Photon Cannon  
  144  9:03  Zealot x4  
  152  9:12  Photon Cannon  
  152  9:16  Shield Battery  
  144  9:17  Zealot x4  
  142  9:24  Zealot  
  142  9:28  Zealot x5  
  106  9:40  Zealot x4  
  94  9:46  Zealot  
  94  9:49  Zealot x4  
  71  10:01  High Templar x4  
  71  10:05  Archon x2  
  79  10:11  High Templar x4  
  79  10:12  Zealot x2  
  91  10:16  Warp Prism (Chrono Boost)  
  91  10:17  Archon x2  
  93  10:22  Assimilator  
  93  10:33  High Templar x2, Zealot x2  
  93  10:34  Zealot x2  
  105  10:38  Archon  
  105  10:41  Zealot  
  101  10:45  Zealot x3  
  101  10:49  Zealot x3, Observer  
  113  10:59  High Templar x2  
  113  11:02  Archon  
  111  11:10  Nexus  
  111  11:13  High Templar x2  
  111  11:17  Archon, Zealot x3  
  121  11:21  Pylon  
  121  11:37  Zealot x2  
  121  11:43  Zealot x6  
  101  11:48  Zealot x2  
  98  11:57  Probe x2  
  98  12:00  High Templar x2  
  102  12:04  Archon  
  102  12:06  High Templar x2  
  106  12:08  Zealot x3  
  106  12:11  Archon  
  110  12:17  High Templar x2  
  110  12:18  Probe  
  110  12:22  Stalker  
  117  12:33  Archon  
  117  12:34  Probe x2  
  117  12:35  Probe  
  120  12:44  High Templar x2, Zealot x4  
  122  12:50  Archon  
  132  12:52  High Templar  
  132  12:53  High Templar, Zealot x2  
  132  12:57  Archon  
  140  13:12  Stalker x4  
  132  13:29  Zealot x4  
  132  13:30  Zealot x2  
  110  14:00  Stalker x9  
  108  14:15  Zealot  
  66  14:25  Stalker x6  
  66  14:29  Probe x2  
  76  14:37  Probe  
  76  14:38  Probe  
  74  14:41  Probe  
  74  14:45  Stalker x2  
  79  14:46  Probe  
  80  14:54  Probe  
  80  14:59  Shield Battery  
  83  15:01  Probe  
  83  15:06  Probe  
  83  15:13  Zealot  
  81  15:18  Zealot  
Show
View Real Time Build Order
Export as new Build Order

PtitDrogo Protoss - Winner!

Build Orders: Oracle Opening, Zealot Archon 

Get SALT Encoding   

  12  0:00  Probe  
  13  0:12  Probe  
  14  0:19  Pylon  
  14  0:24  Probe  
  15  0:38  Probe (Chrono Boost)  
  15  0:39  Gateway  
  16  0:46  Probe (Chrono Boost)  
  16  0:47  Assimilator  
  17  0:52  Probe  
  17  0:56  Assimilator  
  19  1:04  Probe (Chrono Boost)  
  19  1:06  Pylon  
  19  1:13  Probe (Chrono Boost)  
  20  1:18  Probe  
  21  1:27  Cybernetics Core  
  21  1:32  Probe  
  24  1:44  Probe  
  23  1:55  Nexus  
  23  2:07  Stargate  
  23  2:09  Probe  
  24  2:21  Probe  
  27  2:24  Warp Gate  
  27  2:34  Adept  
  27  2:35  Probe  
  28  2:40  Pylon  
  28  2:47  Probe  
  29  2:54  Oracle (Chrono Boost)  
  31  3:00  Probe (Chrono Boost)  
  32  3:07  Gateway  
  32  3:08  Probe (Chrono Boost)  
  34  3:17  Probe (Chrono Boost)  
  34  3:18  Probe (Chrono Boost)  
  35  3:22  Oracle (Chrono Boost)  
  35  3:24  Probe (Chrono Boost)  
  35  3:26  Probe  
  40  3:34  Twilight Council  
  40  3:35  Probe  
  40  3:38  Probe  
  40  3:40  Shield Battery  
  40  3:44  Pylon  
  40  4:06  Probe  
  41  4:12  Stalker x2  
  41  4:13  Blink (Chrono Boost), Probe  
  46  4:19  Probe  
  46  4:24  Gateway  
  47  4:25  Probe, Gateway  
  47  4:28  Forge  
  47  4:31  Probe  
  49  4:37  Probe  
  50  4:40  Assimilator, Stalker  
  50  4:43  Probe, Pylon  
  53  4:48  Pylon  
  53  4:50  Probe  
  54  4:54  Protoss Ground Weapons Level 1 (Chrono Boost)  
  54  4:59  Nexus  
  54  5:01  Probe  
  54  5:04  Pylon  
  55  5:09  Probe  
  55  5:12  Stalker  
  55  5:13  Probe  
  59  5:16  Stalker  
  61  5:21  Probe  
  61  5:23  Stalker  
  61  5:26  Stalker  
  61  5:27  Probe  
  67  5:35  Photon Cannon  
  67  5:36  Stalker  
  67  5:38  Probe  
  67  5:40  Probe  
  71  5:44  Pylon  
  71  5:46  Stalker  
  73  5:50  Probe  
  73  5:53  Probe  
  73  5:54  Stalker  
  77  6:02  Pylon  
  77  6:04  Stalker  
  77  6:05  Stalker  
  77  6:10  Probe  
  82  6:11  Probe  
  82  6:12  Probe  
  85  6:25  Probe  
  85  6:32  Probe x2, Charge (Chrono Boost)  
  82  6:35  Gateway  
  82  6:37  Probe  
  82  6:39  Gateway  
  83  6:40  Templar Archives  
  83  6:41  Gateway  
  83  6:44  Probe, Gateway  
  83  6:46  Probe  
  85  6:48  Sentry  
  85  6:49  Shield Battery  
  85  6:51  Zealot x2  
  85  6:52  Zealot  
  85  6:53  Probe  
  94  6:58  Pylon  
  94  7:00  Assimilator  
  94  7:03  Robotics Facility  
  94  7:18  Zealot x4  
  100  7:27  Shield Battery  
  100  7:29  Gateway  
  100  7:31  Shield Battery  
  100  7:32  Gateway  
  100  7:33  High Templar x2  
  104  7:37  Archon  
  104  7:38  Protoss Ground Weapons Level 2 (Chrono Boost), Zealot x6  
  104  7:42  Pylon  
  116  7:55  Pylon  
  116  7:59  Warp Prism  
  116  8:02  Zealot x3  
  124  8:06  Nexus  
  124  8:13  High Templar x2  
  124  8:14  Zealot x2  
  124  8:16  Pylon  
  124  8:17  Pylon, Archon  
  131  8:38  Stalker x4  
  128  8:55  Nexus  
  128  8:59  Pylon  
  128  9:00  Pylon  
  128  9:01  High Templar x2  
  128  9:02  Zealot x6  
  140  9:03  Zealot x2  
  140  9:05  Archon  
  148  9:12  Pylon  
  138  9:29  Zealot x8  
  138  9:31  Probe  
  113  9:38  Zealot x2  
  103  9:51  Protoss Ground Weapons Level 3 (Chrono Boost)  
  103  9:52  Zealot x7  
  85  10:02  Probe x2  
  85  10:04  High Templar x2, Zealot  
  93  10:08  Archon  
  93  10:10  Observer (Chrono Boost)  
  93  10:12  Zealot x3  
  93  10:13  Zealot x2  
  104  10:17  Zealot x2  
  108  10:32  High Templar  
  108  10:33  High Templar, Zealot x3  
  108  10:34  Zealot  
  120  10:37  Archon  
  120  10:41  Zealot x4  
  126  10:43  Assimilator  
  123  11:02  Probe  
  123  11:05  High Templar  
  123  11:06  High Templar, Zealot x8  
  123  11:10  Archon  
  123  11:11  Photon Cannon  
  143  11:14  Probe  
  144  11:27  High Templar x2  
  144  11:28  Zealot x6  
  144  11:31  Archon  
  150  11:42  Zealot x2  
  83  11:55  Zealot x6  
  93  12:02  Zealot x3  
  93  12:03  Zealot  
  93  12:05  Robotics Bay  
  101  12:08  Robotics Facility  
  101  12:18  Zealot x6  
  113  12:29  Stalker x4  
  121  12:53  Disruptor (Chrono Boost)  
  121  12:55  High Templar x2, Zealot x7  
  121  12:56  Zealot  
  144  13:00  Disruptor (Chrono Boost)  
  147  13:06  Archon  
  143  13:20  Disruptor  
  143  13:25  Disruptor  
  131  13:27  Zealot x10  
  143  13:47  Stalker x3  
  143  13:48  Stalker x2  
  115  13:56  Disruptor  
  115  13:57  Stalker x2  
  116  14:05  Zealot x3  
  105  14:23  Zealot x7  
  112  14:24  Probe  
  99  14:37  Photon Cannon  
  93  14:40  Shield Battery  
  93  14:41  Zealot  
  93  14:42  Zealot x2  
  93  14:43  Warp Prism (Chrono Boost)  
  92  14:52  Stalker x6  
  106  14:57  Dark Shrine  
  109  15:11  Dark Shrine  

Tags
 
Add a new tag
Caveats
  • Supply blocks, unpowered buildings, or Contaminate may cause inaccurate times.
  • Supply counts are checked every 10 seconds.